TOP OF THE 1ST |
Seattle Mariners batting - Pitching for California Angels : RHP Gus Morante
|
Pitching: RHP Gus Morante
|
|
Batting: LHB Dae-ik Yoon
|
0-0: Ball 1-0: Called Strike 1-1: Ball 2-1: Foul Ball, location: 2F 2-2: Strikes out swinging, 2-3 out at first.
|
Batting: SHB Floyd-William Goof
|
0-0: Ball 1-0: Swinging Strike 1-1: Ball 2-1: Ball 3-1: Ground out U3 (Groundball, 34, EV 106.9 MPH)
|
Batting: RHB Steve Jordan
|
0-0: Foul Ball, location: 2F 0-1: SINGLE (Groundball, 4M, EV 95.6 MPH) (infield hit)
|
Batting: SHB Robbie Rogers
|
0-0: Ball 1-0: Foul Ball, location: 2F 1-1: Ball 2-1: Ball Steve Jordan is caught stealing 2nd base 2-6
|
Top of the 1st over - 0 runs, 1 hit, 0 errors, 0 left on base; Seattle 0 - California 0 |
BOTTOM OF THE 1ST |
California Angels batting - Pitching for Seattle Mariners : RHP Tom Graham
|
Pitching: RHP Tom Graham
|
|
Batting: RHB Ruben Velasco
|
0-0: Called Strike 0-1: Ball 1-1: Ground out 6-3 (Groundball, 6M, EV 88.8 MPH)
|
Batting: LHB Javier Trujillo
|
0-0: Fly out, F9 (Flyball, 89M, EV 91.2 MPH)
|
Batting: RHB Preston Deakyne
|
0-0: Ground out 6-3 (Groundball, 6, EV 97.5 MPH)
|
Bottom of the 1st over - 0 runs, 0 hits, 0 errors, 0 left on base; Seattle 0 - California 0 |
TOP OF THE 2ND |
Seattle Mariners batting - Pitching for California Angels : RHP Gus Morante
|
Batting: SHB Robbie Rogers
|
0-0: Ball 1-0: Ball 2-0: Ground out 4-3 (Groundball, 4D, EV 88.8 MPH)
|
Batting: RHB Pavpv Ivanushkin
|
0-0: Ball 1-0: Ball 2-0: Foul Ball, location: 2F 2-1: Foul Ball, location: 2F 2-2: Strikes out looking
|
Batting: RHB Tony Vargas
|
0-0: Foul Ball, location: 2F 0-1: Fly out, F6 (Popup, 6, EV 62.5 MPH)
|
Top of the 2nd over - 0 runs, 0 hits, 0 errors, 0 left on base; Seattle 0 - California 0 |
BOTTOM OF THE 2ND |
California Angels batting - Pitching for Seattle Mariners : RHP Tom Graham
|
Batting: LHB Rusty Ney
|
0-0: Ball 1-0: Foul Ball, location: 2F 1-1: Ball 2-1: SOLO HOME RUN (Flyball, 9D, EV 96.9 MPH), Distance : 402 ft
|
Batting: LHB James McCauley
|
0-0: Ball 1-0: Fly out, F7 (Line Drive, 7LM, EV 92.5 MPH)
|
Batting: RHB Mike Harkins
|
0-0: Foul Ball, location: 2F 0-1: SINGLE (Line Drive, 6D, EV 108.1 MPH)
|
Batting: RHB Alain Delhaye
|
0-0: Ball Mike Harkins steals 2nd base (no throw) 1-0: Ball Mike Harkins steals 3rd base 2-0: Ball 3-0: Called Strike 3-1: Called Strike 3-2: Foul Ball, location: 2F 3-2: Fly out, F7 (Flyball, 7D, EV 81.2 MPH) Runner from 3rd tags up, SCORES, throw by LF
|
Batting: RHB Luis Romero
|
0-0: Called Strike 0-1: Called Strike 0-2: Strikes out swinging
|
Bottom of the 2nd over - 2 runs, 2 hits, 0 errors, 0 left on base; Seattle 0 - California 2 |
TOP OF THE 3RD |
Seattle Mariners batting - Pitching for California Angels : RHP Gus Morante
|
Batting: RHB Harutomi Matsubara
|
0-0: Called Strike 0-1: Ball 1-1: Fly out, F6 (Popup, P, EV 91.2 MPH)
|
Batting: RHB Jimmy Hammertime
|
0-0: Called Strike 0-1: Swinging Strike 0-2: Ball 1-2: Foul Ball, location: 2F 1-2: Strikes out looking
|
Batting: LHB Jerrod Cluck
|
0-0: Called Strike 0-1: Ball 1-1: Ground out 1-3 (Groundball, 34S, EV 70.6 MPH)
|
Top of the 3rd over - 0 runs, 0 hits, 0 errors, 0 left on base; Seattle 0 - California 2 |
BOTTOM OF THE 3RD |
California Angels batting - Pitching for Seattle Mariners : RHP Tom Graham
|
Batting: LHB Justin Alexander
|
0-0: Ball 1-0: Ball 2-0: Ball 3-0: SINGLE (Groundball, 4S, EV 63.8 MPH) (infield hit)
|
Batting: RHB Ruben Velasco
|
0-0: Foul Ball, location: 2F 0-1: Foul Ball, location: 2F 0-2: Foul Ball, location: 2F 0-2: Ball 1-2: Ball 2-2: Ball 3-2: Foul Ball, location: 2F 3-2: Foul Ball, location: 2F 3-2: Fly out, F6 (Popup, 6, EV 60.0 MPH)
|
Batting: LHB Javier Trujillo
|
0-0: 2-RUN HOME RUN (Flyball, 8LXD, EV 105.6 MPH), Distance : 410 ft
|
Batting: RHB Preston Deakyne
|
0-0: Ball 1-0: Called Strike 1-1: Fly out, F8 (Flyball, 8LD, EV 95.0 MPH)
|
Batting: LHB Rusty Ney
|
0-0: Called Strike 0-1: Ball 1-1: Foul Ball, location: 2F 1-2: Ball 2-2: Fly out, F8 (Flyball, 8LXD, EV 100.6 MPH)
|
Bottom of the 3rd over - 2 runs, 2 hits, 0 errors, 0 left on base; Seattle 0 - California 4 |
TOP OF THE 4TH |
Seattle Mariners batting - Pitching for California Angels : RHP Gus Morante
|
Batting: LHB Dae-ik Yoon
|
0-0: Foul Ball, location: 2F 0-1: Ground out 5-3 (Groundball, 56S, EV 81.2 MPH)
|
Batting: SHB Floyd-William Goof
|
0-0: Ball 1-0: Ground out 6-3 (Groundball, 6, EV 85.6 MPH)
|
Batting: RHB Steve Jordan
|
0-0: Called Strike 0-1: Ball 1-1: Ball 2-1: Ball 3-1: Base on Balls
|
Batting: SHB Robbie Rogers
|
0-0: SINGLE (Line Drive, 56D, EV 95.6 MPH) Steve Jordan to second
|
Batting: RHB Pavpv Ivanushkin
|
0-0: Swinging Strike 0-1: Ground out U3 (Groundball, 3S, EV 87.5 MPH)
|
Top of the 4th over - 0 runs, 1 hit, 0 errors, 2 left on base; Seattle 0 - California 4 |
BOTTOM OF THE 4TH |
California Angels batting - Pitching for Seattle Mariners : RHP Tom Graham
|
Batting: LHB James McCauley
|
0-0: Called Strike 0-1: Foul Ball, location: 2F 0-2: Strikes out swinging
|
Batting: RHB Mike Harkins
|
0-0: Fly out, F8 (Flyball, 8RM, EV 85.6 MPH)
|
Batting: RHB Alain Delhaye
|
0-0: Called Strike 0-1: DOUBLE (Groundball, 5L, EV 104.4 MPH)
|
Pitching: RHP Kyle Ridgeway
|
|
Batting: RHB Luis Romero
|
0-0: Called Strike 0-1: Ball 1-1: Ball 2-1: Swinging Strike 2-2: Ball 3-2: Strikes out swinging
|
Bottom of the 4th over - 0 runs, 1 hit, 0 errors, 1 left on base; Seattle 0 - California 4 |
TOP OF THE 5TH |
Seattle Mariners batting - Pitching for California Angels : RHP Gus Morante
|
Batting: RHB Tony Vargas
|
0-0: Ball 1-0: Ball 2-0: SINGLE (Line Drive, 56, EV 97.5 MPH)
|
Batting: RHB Harutomi Matsubara
|
0-0: Ball 1-0: Swinging Strike 1-1: Ball 2-1: Foul Ball, location: 2F 2-2: Foul Ball, location: 2F 2-2: Strikes out swinging
|
Batting: RHB Jimmy Hammertime
|
0-0: Called Strike 0-1: SINGLE (Groundball, 56D, EV 105.0 MPH) Tony Vargas to second
|
Batting: LHB Jerrod Cluck
|
0-0: Ball 1-0: Ball 2-0: Ball 3-0: Base on Balls Tony Vargas to third Jimmy Hammertime to second
|
Batting: LHB Dae-ik Yoon
|
0-0: Grounds into double play, 5-4-3 (Groundball, 56, EV 101.9 MPH)
|
Top of the 5th over - 0 runs, 2 hits, 0 errors, 2 left on base; Seattle 0 - California 4 |
BOTTOM OF THE 5TH |
California Angels batting - Pitching for Seattle Mariners : RHP Kyle Ridgeway
|
Batting: LHB Justin Alexander
|
0-0: Ball 1-0: Foul Ball, location: 2F 1-1: Ground out U3 (Groundball, 34S, EV 88.1 MPH)
|
Batting: RHB Ruben Velasco
|
0-0: Called Strike 0-1: Foul Ball, location: 2F 0-2: Strikes out swinging
|
Batting: LHB Javier Trujillo
|
0-0: Ball 1-0: Swinging Strike 1-1: SINGLE (Groundball, 4MD, EV 86.2 MPH) (infield hit)
|
Batting: RHB Preston Deakyne
|
0-0: Called Strike Javier Trujillo steals 2nd, throwing error, E2 Javier Trujillo to third 0-1: Foul Ball, location: 2F 0-2: Ball 1-2: Ball 2-2: Ball 3-2: DOUBLE (Line Drive, 9LM, EV 101.9 MPH) Javier Trujillo scores
|
Batting: LHB Rusty Ney
|
0-0: Ball 1-0: Ball 2-0: Ball 3-0: Called Strike 3-1: Foul Ball, location: 2F 3-2: Foul Ball, location: 2F 3-2: 2-RUN HOME RUN (Line Drive, 89XD, EV 102.5 MPH), Distance : 411 ft
|
Batting: LHB James McCauley
|
0-0: Ground out 4-3 (Groundball, 13, EV 89.4 MPH)
|
Bottom of the 5th over - 3 runs, 3 hits, 1 error, 0 left on base; Seattle 0 - California 7 |
TOP OF THE 6TH |
Seattle Mariners batting - Pitching for California Angels : RHP Gus Morante
|
Batting: SHB Floyd-William Goof
|
0-0: Called Strike 0-1: Foul Ball, location: 2F 0-2: Ball 1-2: Ball 2-2: Strikes out swinging
|
Batting: RHB Steve Jordan
|
0-0: Ball 1-0: Ball 2-0: Ground out 4-3 (Groundball, 34, EV 83.8 MPH)
|
Batting: SHB Robbie Rogers
|
0-0: Called Strike 0-1: SINGLE (Line Drive, 78S, EV 111.2 MPH)
|
Batting: RHB Pavpv Ivanushkin
|
0-0: Called Strike Robbie Rogers steals 2nd base 0-1: Ball 1-1: Foul Ball, location: 2F 1-2: Foul Ball, location: 2F 1-2: Ground out 6-3 (Groundball, 56, EV 105.0 MPH)
|
Top of the 6th over - 0 runs, 1 hit, 0 errors, 1 left on base; Seattle 0 - California 7 |
BOTTOM OF THE 6TH |
California Angels batting - Pitching for Seattle Mariners : RHP Kyle Ridgeway
|
Batting: RHB Mike Harkins
|
0-0: Called Strike 0-1: Swinging Strike 0-2: Strikes out swinging
|
Batting: RHB Alain Delhaye
|
0-0: Ball 1-0: Called Strike 1-1: Ball 2-1: Ball 3-1: Foul Ball, location: 2F 3-2: Base on Balls
|
Pitching: RHP William de Jesus
|
|
Batting: RHB Luis Romero
|
0-0: Swinging Strike 0-1: Foul Ball, location: 2F 0-2: Ball 1-2: Strikes out swinging
|
Batting: LHB Justin Alexander
|
0-0: Foul Ball, location: 2F 0-1: Called Strike 0-2: Ball 1-2: Ball 2-2: Strikes out swinging
|
Bottom of the 6th over - 0 runs, 0 hits, 0 errors, 1 left on base; Seattle 0 - California 7 |
TOP OF THE 7TH |
Seattle Mariners batting - Pitching for California Angels : RHP Gus Morante
|
Batting: RHB Tony Vargas
|
0-0: Ball 1-0: Swinging Strike 1-1: Called Strike 1-2: Strikes out swinging
|
Batting: RHB Harutomi Matsubara
|
0-0: Ground out 1-3 (Groundball, 34S, EV 71.9 MPH)
|
Batting: RHB Jimmy Hammertime
|
0-0: Called Strike 0-1: Ball 1-1: Ball 2-1: SINGLE (Line Drive, 7LS, EV 104.4 MPH)
|
Batting: LHB Jerrod Cluck
|
0-0: Ball 1-0: Called Strike 1-1: Ground out 4-3 (Groundball, 34, EV 81.2 MPH)
|
Top of the 7th over - 0 runs, 1 hit, 0 errors, 1 left on base; Seattle 0 - California 7 |
BOTTOM OF THE 7TH |
California Angels batting - Pitching for Seattle Mariners : RHP William de Jesus
|
Batting: RHB Ruben Velasco
|
0-0: SOLO HOME RUN (Flyball, 9LD, EV 96.2 MPH), Distance : 339 ft
|
Batting: LHB Javier Trujillo
|
0-0: Called Strike 0-1: Ball 1-1: Ball 2-1: Foul Ball, location: 2F 2-2: Foul Ball, location: 2F 2-2: SINGLE (Groundball, 4MD, EV 105.6 MPH)
|
Batting: RHB Preston Deakyne
|
0-0: Called Strike 0-1: Ball 1-1: Swinging Strike 1-2: Strikes out swinging
|
Batting: LHB Rusty Ney
|
0-0: Ball Javier Trujillo steals 2nd base 1-0: Foul Ball, location: 2F 1-1: Ball 2-1: Called Strike 2-2: Ball 3-2: Base on Balls
|
Batting: LHB James McCauley
|
0-0: Ball 1-0: Ball 2-0: Fly out, F7 (Flyball, 7, EV 88.8 MPH)
|
Batting: RHB Mike Harkins
|
0-0: SINGLE (Groundball, 34, EV 98.1 MPH) Javier Trujillo to third Rusty Ney to second Runner from 3rd tries for Home, SAFE, throw by RF to home
|
Batting: RHB Alain Delhaye
|
0-0: Ball 1-0: Called Strike 1-1: Foul Ball, location: 2F 1-2: Foul Ball, location: 2F 1-2: Ground out 4-3 (Groundball, 4MS, EV 88.1 MPH)
|
Bottom of the 7th over - 2 runs, 3 hits, 0 errors, 2 left on base; Seattle 0 - California 9 |
TOP OF THE 8TH |
Seattle Mariners batting - Pitching for California Angels : RHP Gus Morante
|
Batting: LHB Dae-ik Yoon
|
0-0: Ground out 4-3 (Groundball, 4, EV 107.5 MPH)
|
Batting: SHB Floyd-William Goof
|
0-0: Ball 1-0: Swinging Strike 1-1: Foul Ball, location: 2F 1-2: Strikes out swinging
|
Batting: RHB Steve Jordan
|
0-0: Called Strike 0-1: Ball 1-1: Swinging Strike 1-2: Strikes out looking
|
Top of the 8th over - 0 runs, 0 hits, 0 errors, 0 left on base; Seattle 0 - California 9 |
BOTTOM OF THE 8TH |
California Angels batting - Pitching for Seattle Mariners : RHP William de Jesus
|
Batting: RHB Luis Romero
|
0-0: Ball 1-0: Fly out, F7 (Flyball, 7D, EV 100.6 MPH)
|
Batting: LHB Justin Alexander
|
0-0: Foul Ball, location: 2F 0-1: Ball 1-1: Ball 2-1: Ball 3-1: Called Strike 3-2: Foul Ball, location: 2F 3-2: Fly out, F9 (Flyball, 89S, EV 76.9 MPH)
|
Batting: RHB Ruben Velasco
|
0-0: Ball 1-0: Called Strike 1-1: Ball 2-1: Swinging Strike 2-2: Strikes out swinging
|
Bottom of the 8th over - 0 runs, 0 hits, 0 errors, 0 left on base; Seattle 0 - California 9 |
TOP OF THE 9TH |
Seattle Mariners batting - Pitching for California Angels : RHP Gus Morante
|
Batting: SHB Robbie Rogers
|
0-0: Ball 1-0: Ground out 6-3 (Groundball, 6S, EV 83.8 MPH)
|
Batting: RHB Pavpv Ivanushkin
|
0-0: Called Strike 0-1: Ball 1-1: Swinging Strike 1-2: Foul Ball, location: 2F 1-2: Strikes out swinging
|
Batting: RHB Tony Vargas
|
0-0: Fly out, F9 (Flyball, 9LS, EV 80.0 MPH)
|
Top of the 9th over - 0 runs, 0 hits, 0 errors, 0 left on base; Seattle 0 - California 9 |
|